 Dungeon Crawl Stone Soup version 0.20.0-7-g3b7b877 (console) character file.

70 zxpr0jk the Chiller (level 4, 0/33 HPs)
             Began as a Draconian Ice Elementalist on May 28, 2017.
             Killed by divine providence
             ... invoked by an orc priest
              (13 damage)
             ... on level 3 of the Dungeon.
             The game lasted 00:06:05 (2185 turns).

zxpr0jk the Chiller (Draconian Ice Elementalist)    Turns: 2185, Time: 00:06:06

Health: 0/33       AC:  5    Str: 10    XL:     4   Next: 3%
Magic:  0/8        EV: 15    Int: 16    God:
Gold:   115        SH:  0    Dex: 12    Spells: 4/8 levels left

rFire    . . .     SeeInvis .   e - +0 dagger
rCold    . . .     Gourm    .   (no shield)
rNeg     . . .     Faith    .   (armour unavailable)
rPois    .         Spirit   +   (helmet restricted)
rElec    .         Reflect  .   r - scarf {Spirit}
rCorr    .         Harm     .   (no gloves)
MR       .....                  (no boots)
Stlth    ++........             (no amulet)
Regen    0.2/turn               p - +3 ring of evasion
MPRegen  0.2/turn               (no ring)

@: very slightly contaminated
A: unfitting armour, cold-blooded, AC +5
a: no special abilities


You were on level 3 of the Dungeon.
You were not hungry.

You visited 1 branch of the dungeon, and saw 3 of its levels.

You collected 115 gold pieces.

Inventory:

Hand Weapons
 e - a +0 dagger (weapon)
Armour
 r - a scarf of spirit shield (worn)
Jewellery
 p - a +3 ring of evasion (left hand)
Scrolls
 c - 2 scrolls of magic mapping {unknown}
 d - 3 scrolls of remove curse {unknown}
 f - 2 scrolls of amnesia {unknown}
 i - a scroll of teleportation {unknown}
 j - a scroll of identify {unknown}
 l - 2 scrolls of immolation {unknown}
 m - 5 scrolls of recharging {unknown}
 w - a scroll of noise {unknown}
Potions
 g - a potion of ambrosia {unknown}
 h - 2 potions of curing {unknown}
 k - a potion of invisibility {unknown}
 n - 2 potions of haste {unknown}
 q - 2 potions of lignification {unknown}
 s - a potion of brilliance {unknown}
 t - a potion of degeneration {unknown}
 v - a potion of might {unknown}
Books
 a - a book of Frost

   Spells                             Type                      Level
   a - Freeze                         Ice                          1
   b - Throw Frost                    Conjuration/Ice              2
   c - Ozocubu's Armour               Charms/Ice                   3
   d - Throw Icicle                   Conjuration/Ice              4
   e - Summon Ice Beast               Ice/Summoning                4
Comestibles
 b - 2 bread rations
 o - 2 meat rations
 u - 3 chunks of flesh


   Skills:
 - Level 1.7 Dodging
 - Level 1.7 Stealth
 + Level 2.7 Spellcasting
   Level 1.0 Conjurations
 * Level 4.4 Ice Magic


You had 4 spell levels left.
You knew the following spells:

 Your Spells              Type           Power        Failure   Level  Hunger
a - Freeze                Ice            ###.         3%          1    #......
b - Ozocubu's Armour      Chrm/Ice       #.......     24%         3    ###....


Dungeon Overview and Level Annotations

Branches:
Dungeon (3/15)

Altars:


Innate Abilities, Weirdness & Mutations

Your plain brown scales are hard. (AC +5)
You cannot fit into any form of body armour.
You are cold-blooded and may be slowed by cold attacks.


Message History

The orc priest calls down the wrath of Beogh upon you.
Beogh smites you!
The orc throws a stone.
The stone closely misses you.
Casting: Freeze
Confirm with . or Enter, or press ? or * to list all spells.
Aiming: Freeze
Press: ? - help, Shift-Dir - straight line, f/p - orc priest
Aim: an orc priest (heavily wounded)
You freeze the orc priest.
The orc priest is almost dead.
The orc priest closely misses you.
The orc moves out of view.
The orc barely misses you.
Casting: Freeze
Confirm with . or Enter, or press ? or * to list all spells.
Aiming: Freeze
Press: ? - help, Shift-Dir - straight line, f/p - orc priest
Aim: an orc priest (almost dead)
You freeze the orc priest.
The orc priest is almost dead.
The orc priest calls down the wrath of Beogh upon you.
Beogh smites you!
You die...

#..####.##.#.#.###.....# #.# #.#
########.#....##.#.#.###.#.#.###.# #.#
........................>..#....)# #.#
........>..#####.....#.#.#.####### #.#
######.#..# #..#............# #.#
############.##.#####..##.#.....###.# #.#
#.............#................## #.#####.#
#....#######..#.##.##..##.##.#<####....†..#
#...<.........#........#............#######
#######....###.#..#.#)..###...............#
#....##........#..#.#.....#####...........#
#....###...)........÷......#....).........#
#................#..#...#..#.##.#.........#
#.........###.#..#.##...#.......#.........#
#.........# #.##.#.........#.#..#.........#
####......# #.......#.#..###.#..#.........#
#......# ####....#.##.# #.#..#.........#
#......# #....#.##.###(#..#.........#
#......# #....#.....##.#..#.........#
#......# #....##......(#..# #......#
#######.#..o@.)..# #......# #.##.o####.#
#......# #...... ######## #####.## #.# #..
##. .


You could see an orc priest and an orc.

Vanquished Creatures
  An ooze (D:1)
  A worm (D:2)
  3 dart slugs
  2 leopard geckos
  4 orcs (D:3)
  6 giant cockroaches
  4 goblins (D:2)
  7 hobgoblins
  A quokka (D:3)
  8 bats
  2 frilled lizards (D:2)
  3 kobolds
  4 rats (D:1)
46 creatures vanquished.

Notes
Turn   | Place    | Note
-------+----------+-------------------------------------------
     0 | D:1      | zxpr0jk the Draconian Ice Elementalist began the quest for the Orb.
     0 | D:1      | Reached XP level 1. HP: 14/14 MP: 3/3
   245 | D:1      | Reached XP level 2. HP: 18/20 MP: 5/5
   687 | D:1      | Reached skill level 4 in Ice Magic
   943 | D:2      | Reached XP level 3. HP: 26/26 MP: 3/6
  2109 | D:3      | Learned a level 3 spell: Ozocubu's Armour
  2178 | D:3      | Reached XP level 4. HP: 29/33 MP: 6/8
  2185 | D:3      | Killed from afar by an orc priest

Skill      XL: |  1  2 |
---------------+-------+-----
Ice Magic      | 4 |  4.4
Dodging        | |  1.7
Stealth        | |  1.7
Spellcasting   | |  2.7
Conjurations   | |  1.0

Action                   |  1- 3 |  4- 6 || total
-------------------------+-------+-------++-------
Melee: Dagger            |   169 |       ||   169
       Unarmed           |     4 |       ||     4
       Tailslap          |    16 |       ||    16
 Cast: Freeze            |    28 |     5 ||    33
 Stab: Sleeping          |     4 |       ||     4
  Eat: Chunk             |     5 |       ||     5
Armor: Skin              |    56 |     1 ||    57
Dodge: Dodged            |   115 |     8 ||   123
